[Event "Early-Titled-Tuesday-Blitz-March-19-2024"]
[Site "Chess.com"]
[Date "2024.03.19"]
[Round "1"]
[White "MightyGMpretender"]
[Black "Vse_po_kaify"]
[Result "1-0"]
[WhiteElo "2802"]
[BlackElo "2439"]
[TimeControl "180+1"]
[EndTime "8:07:51 PDT"]
[Termination "MightyGMpretender won by checkmate"]

1. e4 e5 2. Nc3 Nf6 3. d3 d5 4. Bg5 dxe4 5. dxe4 Qxd1+ 6. Rxd1 c6 7. Bc4 Bb4 8. Ne2 Nbd7 9. O-O Nc5 10. f4 Be6 11. Bxe6 Nxe6 12. Bxf6 gxf6 13. g3 Ke7 14. Kg2 Rad8 15. f5 Bxc3 16. fxe6 Bxb2 17. exf7 b6 18. g4 h6 19. Ng3 Kxf7 20. Nf5 h5 21. gxh5 Bd4 22.
h6 Rhg8+ 23. Kf3 b5 24. Rd2 b4 25. h4 c5 26. h5 a5 27. Rh1 Rg5 28. Rg2 Rxg2 29.
Kxg2 Kg8 30. Rh3 Kh8 31. Rg3 Rg8 32. Rg7 a4 33. Kf3 a3 34. Rc7 Rg1 35. Ne7 Kh7 36. Nf5+ Kh8 37. Rc8+ Rg8 38. Rc6 Rf8 39. Rc7 Rg8 40.
Ne7 Kh7 41. Nxg8+ Kxg8 42. h7+ Kh8 43. Kg4 c4 44. Kf5 b3 45. Kg6 Bb6 46. Rc8+ Bd8 47.
Rxd8# 1-0

[Event "Early-Titled-Tuesday-Blitz-March-19-2024"]
[Site "Chess.com"]
[Date "2024.03.19"]
[Round "1"]
[White "vladgoncharov"]
[Black "cristiano78"]
[Result "1-0"]
[WhiteElo "2623"]
[BlackElo "2237"]
[TimeControl "180+1"]
[EndTime "8:07:53 PDT"]
[Termination "vladgoncharov won on time"]

1. d4 Nf6 2. c4 g6 3. Nc3 Bg7 4.
e4 d6 5. Nf3 O-O 6. Be2 e5 7.
O-O Nc6 8. d5 Ne7 9. Ne1 Ne8 10. Be3 f5 11. f3 f4 12. Bf2 h5 13.
Nd3 g5 14. c5 a6 15. Rc1 Nf6 16. cxd6 cxd6 17. Na4 Ng6 18. Nb6 Rb8 19. Nxc8 Rxc8 20. Rxc8 Qxc8 21. Qb3 Qd7 22. Rc1 Rc8 23. Rxc8+ Qxc8 24.
Qc3 Qd7 25. b3 g4 26. Bb6 gxf3 27. Bxf3 Nh4 28. Nf2 Ng4 29. a4 Nxf2 30. Kxf2 Nxf3 31. Qxf3 Qc8 32. Qd3 Bf6 33. Qc4 Qg4 34. Qe2 Bh4+ 35. Kf1 Qc8 36. Qc4 Qxc4+ 37. bxc4 Kf7 38. Bc7 Ke7 39.
c5 dxc5 40. Bxe5 Bg5 41. Bc3 Kd6 42. Ke2 b5 43. axb5 axb5 44. Bg7 c4 45. Bf8+ Ke5 46. Kf3 c3 47. Bb4 1-0

[Event "Early-Titled-Tuesday-Blitz-March-19-2024"]
[Site "Chess.com"]
[Date "2024.03.19"]
[Round "1"]
[White "Zapateado"]
[Black "Defend1r"]
[Result "0-1"]
[WhiteElo "2390"]
[BlackElo "2726"]
[TimeControl "180+1"]
[EndTime "8:07:55 PDT"]
[Termination "Defend1r won by checkmate"]

1. c4 c5 2. Nc3 Nf6 3. g3 Nc6 4. Bg2 e6 5. e4 g6 6. Nge2 Bg7 7. O-O Nd4 8. Nxd4 cxd4 9. Ne2 Ng8 10. d3 Ne7 11. b4 b5 12. cxb5 Rb8 13. a4 O-O 14. f4 d6 15. Bb2 a6 16. Kh1 axb5 17.
a5 Nc6 18. Qd2 Bb7 19. Rac1 Qd7 20. f5 exf5 21. exf5 Ne5 22. Nxd4 Ng4 23. h3 Bxg2+ 24. Qxg2 Ne3 25. Qd5 Nxf1 26. Rxf1 Be5 27. Bc1 Rbc8 28. Bh6 Rfe8 29. Qxb5 Qa7 30. Nc6 Qa8 31. Rc1 Bxg3 32. Kg1 Rc7 33. d4 d5 34. Qxd5 Qc8 35. b5 Qb7 36.
Qc4 Rd7 37. d5 f6 38. b6 Be5 39. Qc5 Bd6 40. Qc4 gxf5 41. Qb5 Kh8 42. a6 Rg8+ 43. Kf2 Qc8 44. b7 Qe8 45. Qc4 Qh5 46. Qe2 Bg3+ 47. Kf1 Qxh3+ 48. Qg2 Qxh6 49. Qe2 Qxc1+ 50. Kg2 Bd6+ 51.
Kf3 Qc3+ 52. Qe3 Rg3+ 53. Kf2 Qxe3+ 54. Kf1 Rg1# 0-1

[Event "Early-Titled-Tuesday-Blitz-March-19-2024"]
[Site "Chess.com"]
[Date "2024.03.19"]
[Round "1"]
[White "mertfelin"]
[Black "GeorgiosSouleidis"]
[Result "1-0"]
[WhiteElo "2377"]
[BlackElo "2699"]
[TimeControl "180+1"]
[EndTime "8:07:55 PDT"]
[Termination "mertfelin won on time"]

1. e4 c5 2. Nf3 e6 3. b3 a6 4.
Bb2 Nc6 5. c4 d6 6. g3 Nf6 7.
Nc3 Be7 8. Bg2 O-O 9. O-O e5 10. d3 Bg4 11. Qe1 Qd7 12. Bc1 Bxf3 13. Bxf3 Nd4 14. Qd1 Ne8 15. Bg4 Qd8 16. Nd5 Nc7 17. Nb6 Ra7 18. Be3 Nce6 19. Nd5 Bg5 20. Kg2 b5 21. Qd2 g6 22. f4 exf4 23. gxf4 Bh6 24. f5 Bxe3 25. Qxe3 Nc7 26. f6 Nxd5 27. cxd5 Kh8 28.
Rac1 b4 29. Kh1 Rg8 30. Qf4 g5 31. Qe3 Qe8 32. e5 Qxe5 33. Qxe5 dxe5 34. Rxc5 h6 35. Kg2 Kh7 36. Bh5 Ne2 37. Bxe2 Kg6 38. Rc6 Rd8 39. Bf3 h5 40. Be4+ Kh6 41. Rfc1 Rad7 42.
Rc7 g4 43. Rxd7 Rxd7 44. Rc6 a5 45. d6 Kg5 46. Ra6 Kxf6 47. Rxa5 Rxd6 48. Rd5 Ra6 49. Rb5 Rxa2+ 50. Kg3 1-0

[Event "Early-Titled-Tuesday-Blitz-March-19-2024"]
[Site "Chess.com"]
[Date "2024.03.19"]
[Round "1"]
[White "SashaKuzhilniy"]
[Black "itsdsyr"]
[Result "0-1"]
[WhiteElo "2603"]
[BlackElo "2243"]
[TimeControl "180+1"]
[EndTime "8:07:55 PDT"]
[Termination "itsdsyr won on time"]

1. d4 Nf6 2. Bg5 Ne4 3. h4 d5 4. Nd2 h6 5. Nxe4 dxe4 6. Bf4 Bf5 7. e3 Nd7 8. Ne2 Nf6 9. c4 e6 10. Nc3 c6 11. Be2 h5 12. Qb3 Qb6 13. c5 Qxb3 14.
axb3 a6 15. Ra4 Rd8 16. b4 Be7 17. Kd2 O-O 18. Bg5 e5 19. Kc1 exd4 20. exd4 Rxd4 21. Rd1 Rxd1+ 22. Nxd1 Rd8 23. Ne3 Be6 24. Bxh5 Nd5 25. Bxe7 Nxe7 26. b5 cxb5 27. Rxe4 Nd5 28. Bf3 Rc8 29.
b4 b6 30. Re5 Nxb4 31. Kd2 bxc5 32. g4 c4 33. Kc3 Nd3 34. Re4 Nxf2 35. Rd4 Nd3 36.
Nc2 Ne5 37. Be2 Nc6 38. Rd6 Kf8 39. Bf3 b4+ 40. Nxb4 Nxb4 41. Kxb4 a5+ 42. Kc3 Rb8 43. Bd1 Rb1 44. Bc2 Rc1 0-1

[Event "Early-Titled-Tuesday-Blitz-March-19-2024"]
[Site "Chess.com"]
[Date "2024.03.19"]
[Round "1"]
[White "ragnaroek66"]
[Black "ViIIagra"]
[Result "0-1"]
[WhiteElo "2510"]
[BlackElo "2912"]
[TimeControl "180+1"]
[EndTime "8:07:56 PDT"]
[Termination "ViIIagra won by resignation"]

1. d4 d6 2. c4 e5 3. d5 f5 4.
e4 Nf6 5. exf5 Bxf5 6. Nc3 Na6 7. Nge2 Bg6 8. Ng3 Nc5 9. Bg5 a5 10. f3 Qd7 11. Be2 Be7 12. Be3 O-O 13. O-O b6 14. h3 Nh5 15. Nxh5 Bxh5 16. Qd2 Bh4 17. Bg5 Bxg5 18.
Qxg5 Rf5 19. Qe3 Rf4 20. Bd1 Raf8 21. Ne2 Rxc4 22. b3 Rh4 23. Bc2 Qd8 24. a3 Bg6 25. Bxg6 hxg6 26. Rab1 a4 27. b4 Nb3 28. Nc3 Nd4 29.
Nxa4 Qa8 30. Nb2 Qxd5 31. Rbc1 c5 32. Na4 b5 33. Nc3 Qe6 34. bxc5 dxc5 35. Rb1 b4 36.
Ne4 Qe7 37. Rfc1 Nxf3+ 38. gxf3 Rxh3 39. Qg5 Qxg5+ 40. Nxg5 Rg3+ 41. Kf2 Rxg5 42. Rxc5 bxa3 43. Ra1 Rxf3+ 44. Kxf3 e4+ 45. Kxe4 Rxc5 46. Rxa3 Rf5 47. Rg3 Kf7 48. Rg1 Kf6 49. Rg2 g5 50. Rg1 Rf4+ 51.
Ke3 Kf5 52. Rg2 g4 53. Rg3 g5 54. Ke2 Kg6 55. Ke3 Kh5 56. Ke2 Kh4 57. Rg1 g3 58. Rh1+ Kg4 59. Rg1 Kh3 60. Ke3 g2 0-1

[Event "Early-Titled-Tuesday-Blitz-March-19-2024"]
[Site "Chess.com"]
[Date "2024.03.19"]
[Round "1"]
[White "Chessmissile07"]
[Black "Herzog2012"]
[Result "1-0"]
[WhiteElo "2952"]
[BlackElo "2531"]
[TimeControl "180+1"]
[EndTime "8:07:58 PDT"]
[Termination "Chessmissile07 won on time"]

1. a3 e5 2. c4 Nf6 3. g3 d5 4.
cxd5 Qxd5 5. Nf3 e4 6. Nc3 Qh5 7.
Nd4 Bc5 8. Nc2 O-O 9. b4 Bb6 10. Bb2 Bh3 11. Ne3 Nc6 12. Bxh3 Qxh3 13. Ncd5 Nxd5 14.
Nxd5 Qg2 15. Rf1 Bd4 16. Qc2 Rad8 17. Nf4 Qxh2 18. O-O-O Qh6 19. Qxe4 Rfe8 20. Qc2 Bxb2+ 21. Qxb2 Ne5 22. d4 Nc4 23. Qc3 Rd6 24. Kb1 b5 25.
a4 Qg5 26. Rh1 Qf5+ 27. Qd3 Qxd3+ 28. exd3 Nb6 29. a5 Nd5 30. Nxd5 Rxd5 31. Rhe1 Kf8 32. Rxe8+ Kxe8 33. Re1+ Kd7 34. Re4 f5 35. Rh4 h6 36.
Kc2 Ke6 37. Kc3 Kf6 38. Rh1 Rd6 39. Rb1 Re6 40. Kd2 Rd6 41. Rc1 Rxd4 42. Rc6+ Kg5 43.
Rxc7 Rc4 44. dxc4 1-0

[Event "Early-Titled-Tuesday-Blitz-March-19-2024"]
[Site "Chess.com"]
[Date "2024.03.19"]
[Round "1"]
[White "stollenmonster"]
[Black "Schattman"]
[Result "1-0"]
[WhiteElo "2914"]
[BlackElo "2511"]
[TimeControl "180+1"]
[EndTime "8:07:58 PDT"]
[Termination "stollenmonster won on time"]

1. e4 c5 2. Nf3 e6 3. Be2 Nc6 4. c4 Nf6 5. Nc3 Nd4 6. e5 Ng8 7. Nxd4 cxd4 8. Ne4 f5 9. exf6 Nxf6 10. d3 Nxe4 11. dxe4 e5 12. f4 d6 13. O-O Be7 14.
fxe5 dxe5 15. Bh5+ g6 16. Bh6 Be6 17. Bg4 Qd7 18.
Bxe6 Qxe6 19. Qa4+ Kd8 20. c5 Rg8 21. c6 b6 22. Rac1 Kc7 23. Qa6 Rgb8 24. Bd2 h5 25. h3 h4 26. a4 g5 27. Rf5 g4 28. hxg4 Qg6 29. g5 h3 30. gxh3 Qe6 31. Rcf1 Qb3 32. Qe2 Qg3+ 33. Qg2 Qxg2+ 34. Kxg2 Kxc6 35. h4 Rh8 36. Kg3 Bd6 37. Rf6 Kd7 38. Rf7+ Kc6 39. R1f6 a5 40. g6 Rab8 41. Kg4 b5 42. axb5+ Rxb5 43. g7 Rg8 44. Bh6 d3 45. Rf8 1-0

[Event "Early-Titled-Tuesday-Blitz-March-19-2024"]
[Site "Chess.com"]
[Date "2024.03.19"]
[Round "1"]
[White "SamCopeland"]
[Black "BilicVladimir"]
[Result "0-1"]
[WhiteElo "2357"]
[BlackElo "2706"]
[TimeControl "180+1"]
[EndTime "8:07:58 PDT"]
[Termination "BilicVladimir won by resignation"]

1. e4 e6 2. d4 d5 3. e5 c5 4.
c3 Nc6 5. Nf3 Qb6 6. Bd3 Bd7 7.
O-O cxd4 8. Re1 Rc8 9. Nbd2 dxc3 10. bxc3 Na5 11. Rb1 Qc7 12. c4 Nxc4 13. Bxc4 dxc4 14.
Ne4 c3 15. Nd6+ Bxd6 16. exd6 c2 17. dxc7 cxd1=Q 18. Rxd1 Rxc7 19. Bf4 Rc4 20. Rxb7 Bc8 21. Rc7 Rxc7 22. Bxc7 Bb7 23. Rd8+ Ke7 24. Ne5 h5 25. Nc4 Bd5 26. Nd6 h4 27. a4 h3 28. g3 Bf3 29. Kf1 Rh5 30. Nc8+ Kf6 31. Rxg8 Rd5 32.
Rd8 Rc5 33. Bf4 Rc4 34. Ke1 Rxa4 35. Kd2 g5 36. Be3 Ra1 37. Nd6 Rd1+ 38. Kc3 Ke7 39. Re8+ Kxd6 40. Rd8+ Ke5 41. Rxd1 Bxd1 42. Bxg5 Ke4 43.
Kd2 Ba4 44. g4 Kf3 45. Be3 a6 46. g5 e5 47. Kc3 Kg2 48. f4 Kxh2 49. fxe5 Kg3 50.
e6 fxe6 51. g6 Be8 52. g7 Bf7 53. Bd4 h2 54. Be5+ Kg2 55. Bxh2 Kxh2 56. Kd4 Kg3 57. Ke5 Kg4 58. Kf6 Bg8 59. Ke7 Kf5 60. Kf8 Bh7 0-1

[Event "Early-Titled-Tuesday-Blitz-March-19-2024"]
[Site "Chess.com"]
[Date "2024.03.19"]
[Round "1"]
[White "Grossboss19"]
[Black "Polish_fighter3000"]
[Result "0-1"]
[WhiteElo "2575"]
[BlackElo "3157"]
[TimeControl "180+1"]
[EndTime "8:07:59 PDT"]
[Termination "Polish_fighter3000 won by resignation"]

1. d4 Nf6 2. c4 e6 3. Nc3 Bb4 4. e3 b6 5. Nf3 Bb7 6. Bd3 Bxc3+ 7. bxc3 O-O 8. O-O d6 9. Nd2 Nc6 10. e4 e5 11. Bb2 Re8 12. f3 h6 13. Rf2 Qd7 14. Nf1 Na5 15. Ne3 Ba6 16. Ba3 c5 17. Rc1 Rac8 18. d5 g6 19. Rb1 h5 20. Bc1 Nh7 21. h4 f6 22. g3 Re7 23. Kh2 Kf7 24. f4 exf4 25. gxf4 Rh8 26. Rbb2 Ke8 27. Rg2 Nf8 28.
Rbf2 Kd8 29. Rg3 Kc7 30. f5 Qe8 31. fxg6 Nxg6 32. Nf5 Rd7 33. Rfg2 Ne5 34. Rg7 Ng4+ 35. R2xg4 hxg4 36. Qxg4 Bxc4 37. Bc2 b5 38. Bf4 Nb7 39. Qg3 Kb6 40. a4 Rxg7 41. Nxg7 Qd7 42. Nf5 bxa4 43. Nxd6 Nxd6 44. Bxd6 a3 45. Bf4 a2 46. Qe1 Rxh4+ 47. Qxh4 a1=Q 48. Qxf6+ Kb5 49. Qf8 Qh7+ 50. Kg2 Qf1+ 51.
Kg3 Qg6+ 52. Kh4 Qh1+ 0-1

[Event "Early-Titled-Tuesday-Blitz-March-19-2024"]
[Site "Chess.com"]
[Date "2024.03.19"]
[Round "1"]
[White "MarcoRiehle"]
[Black "ikhasu"]
[Result "1-0"]
[WhiteElo "2808"]
[BlackElo "2444"]
[TimeControl "180+1"]
[EndTime "8:07:59 PDT"]
[Termination "MarcoRiehle won on time"]

1. e4 c5 2. a3 Nc6 3. b4 e5 4. b5 Nd4 5. c3 Ne6 6. Nf3 d6 7. d4 cxd4 8. cxd4 exd4 9. Nxd4 Nf6 10. Nc3 Be7 11. Be2 Qa5 12. Bb2 Nxe4 13. Rc1 O-O 14.
O-O Nf6 15. Nf5 Re8 16. Nxe7+ Rxe7 17. Qxd6 Re8 18. Bc4 Bd7 19. Nd5 Nxd5 20. Qxd5 Rad8 21. Qxb7 Bc8 22. Qf3 Qd2 23. Bc3 Qg5 24. h3 Nf4 25.
Kh2 Bf5 26. Qg3 Qh6 27. Bxg7 Qxg7 28. Qxf4 Be4 29. Qg3 Bg6 30. Rfe1 Qb2 31. Qf3 Qd4 32.
Re3 Rc8 33. Rxe8+ Rxe8 34. Rc3 Kg7 35. Rc1 Kg8 36. a4 Qe5+ 37. Qg3 Qb2 38. Rd1 Qc2 39. Bb3 Qc5 40. Rd7 Kf8 41. Qf4 Qh5 42. g4 Qe5 43. Qxe5 Rxe5 44. Rxa7 Re2 45. Kg3 Rb2 46. Bd5 Rd2 47. Bc6 Rd3+ 48. Kg2 h5 49. a5 hxg4 50. hxg4 Rd4 51. f3 Ra4 52. a6 Ra2+ 53. Kg3 Kg7 54.
Rc7 Kh6 55. a7 f5 56. a8=Q Rxa8 57. Bxa8 f4+ 58. Kxf4 Bf5 59. gxf5 1-0

[Event "Early-Titled-Tuesday-Blitz-March-19-2024"]
[Site "Chess.com"]
[Date "2024.03.19"]
[Round "1"]
[White "IraZyne"]
[Black "angelgab3"]
[Result "0-1"]
[WhiteElo "2332"]
[BlackElo "2676"]
[TimeControl "180+1"]
[EndTime "8:07:59 PDT"]
[Termination "angelgab3 won on time"]

1. e4 e5 2. Bc4 Nc6 3. Nf3 Nf6 4. d3 Bc5 5. O-O d6 6. c3 a5 7. Nbd2 O-O 8. a4 Ba7 9. h3 Ne7 10. Re1 Ng6 11. Nf1 c6 12. Bb3 d5 13. exd5 Nxd5 14. Ng3 Qc7 15. Bd2 Rd8 16. Qc2 h6 17. Re4 f5 18. Ree1 e4 19. dxe4 Qxg3 20. exd5 Bxf2+ 21. Kh1 Bxe1 22. dxc6+ Kh7 23. Rxe1 bxc6 24. Ng1 Nh4 25. Re2 Ba6 26. Be1 Qg5 27. Re5 Ng6 28. Rxf5 Bd3 29. Rxg5 Bxc2 30. Bxc2 hxg5 31. Nf3 Kh6 32. Bd2 Nf4 33.
Kh2 Rab8 34. b3 Rxd2 35. Nxd2 Re8 36. Nf3 Re2 37. Bf5 Rxg2+ 38. Kh1 Rb2 39. Nd4 Nh5 40. Be6 Ng3+ 41. Kg1 c5 42. Nc6 g4 43. hxg4 Kg5 44. Nxa5 Kh4 45. Nc4 Re2 46. Bd7 g5 47. Bc6 Kh3 48. a5 Kxg4 49. a6 Ra2 50. Bb7 Ne2+ 51. Kf1 Nxc3 52. Ke1 Kf4 0-1

[Event "Early-Titled-Tuesday-Blitz-March-19-2024"]
[Site "Chess.com"]
[Date "2024.03.19"]
[Round "1"]
[White "FMVolodymyrSakun"]
[Black "newauto"]
[Result "1-0"]
[WhiteElo "2601"]
[BlackElo "2131"]
[TimeControl "180+1"]
[EndTime "8:07:59 PDT"]
[Termination "FMVolodymyrSakun won by resignation"]

1. Nf3 d5 2. d4 c6 3. c4 Nf6 4. e3 Bf5 5. Nc3 e6 6. Nh4 Bg4 7. Qb3 Qb6 8. c5 Qxb3 9. axb3 Be7 10. h3 Bh5 11. g4 Bg6 12. Nxg6 hxg6 13. Bg2 Na6 14. Ke2 Kd7 15. Bd2 Nc7 16. b4 a6 17. Na4 Rae8 18. Nb6+ Kd8 19. f3 Nb5 20. Kd3 Nd7 21. Nxd7 Kxd7 22. e4 dxe4+ 23. fxe4 Bf6 24. Be3 Kc8 25. Kc4 Rd8 26. Rad1 Rd7 27. g5 Bxd4 28. Rxd4 Nxd4 29. Bxd4 Rhd8 30. Bxg7 Rd2 31. Bf3 R8d3 32. Bg4 Re3 33. Rf1 Rxe4+ 34. Kc3 Rd7 35. Bf8 Re3+ 36. Kc2 Kd8 37. Bd6 Ke8 38. Rf4 Rg3 39.
Rf2 b6 40. Bf3 Rxd6 41. cxd6 Kd7 42. Bg4 Kxd6 43. Rxf7 Rg2+ 44. Kb1 c5 45. bxc5+ Kxc5 46. Bxe6 Rxg5 47. Bg4 a5 48. Rc7+ Kb4 49. Rc3 b5 50.
Rf3 a4 51. Rf4+ Ka5 52. Kc2 b4 53. Kd3 Rc5 54. Rc4 Rd5+ 55. Rd4 Rc5 56. Be6 Kb5 57. Rd5 Rxd5+ 58. Bxd5 Kc5 59. Bf7 g5 60. Ke3 b3 61. Kf3 a3 62. bxa3 b2 63. Ba2 Kd4 64. Kg4 1-0

[Event "Early-Titled-Tuesday-Blitz-March-19-2024"]
[Site "Chess.com"]
[Date "2024.03.19"]
[Round "1"]
[White "MikeWizard"]
[Black "LornerAcosta"]
[Result "0-1"]
[WhiteElo "2123"]
[BlackElo "2601"]
[TimeControl "180+1"]
[EndTime "8:07:59 PDT"]
[Termination "LornerAcosta won on time"]

1. d4 d5 2. c4 e6 3. Nc3 Nf6 4.
cxd5 exd5 5. Bg5 c6 6. Qc2 Be7 7. e3 O-O 8. Bd3 Nbd7 9. h3 Re8 10. Nf3 a5 11. a4 Nf8 12. O-O Ng6 13. Ne5 Nd7 14.
Bxe7 Qxe7 15. Nxg6 hxg6 16. Rae1 Nf6 17. e4 dxe4 18.
Nxe4 Nxe4 19. Bxe4 Qg5 20. Kh1 Be6 21. Re3 Rad8 22.
Qc5 Qf4 23. g3 Qf6 24. Bg2 Qxd4 25. Qxa5 Qxb2 26. Kg1 Ra8 27. Qc7 Rxa4 28. Rfe1 Raa8 29. h4 Rac8 30. Qf4 b6 31. Re5 Qb3 32. h5 gxh5 33. Rxh5 Bd5 34. Rxe8+ Rxe8 35. Qh4 Qd1+ 36. Kh2 f6 37.
Rh8+ Kf7 38. Qh5+ Qxh5+ 39. Rxh5 Bxg2 40. Kxg2 Re5 41. Rh8 Re8 42. Rh4 c5 43. Ra4 Re7 44.
Kf3 Ke6 45. Ra6 Rb7 46. Ke4 g6 47. Kd3 Kd6 48. Kc4 Kc6 49. f3 Rd7 50. Ra8 b5+ 51.
Kc3 Kd5 52. Rg8 g5 53. Rg6 Rd6 54. Kd3 c4+ 55. Kc3 Kc5 56. f4 b4+ 57. Kc2 gxf4 58.
gxf4 b3+ 0-1

[Event "Early-Titled-Tuesday-Blitz-March-19-2024"]
[Site "Chess.com"]
[Date "2024.03.19"]
[Round "1"]
[White "MuhittinBuker"]
[Black "Zorbos"]
[Result "0-1"]
[WhiteElo "2082"]
[BlackElo "2596"]
[TimeControl "180+1"]
[EndTime "8:07:59 PDT"]
[Termination "Zorbos won on time"]

1. d4 Nf6 2. c4 e6 3. Nc3 Bb4 4. e3 O-O 5. Bd3 d5 6. Nf3 dxc4 7. Bxc4 b6 8. O-O Bb7 9. Qe2 Nbd7 10. Rd1 Qe7 11. a3 Bxc3 12. bxc3 e5 13. Bb2 Rad8 14. a4 h6 15. Bb3 a5 16. c4 Rfe8 17. dxe5 Ng4 18.
Nd4 Ndxe5 19. Nf5 Qg5 20. Bc2 Nf3+ 21. gxf3 Ne5+ 22. Ng3 Bxf3 23. Qf1 h5 24. Rxd8 Rxd8 25. Qh3 h4 26. Qf5 Qxf5 27. Nxf5 Nxc4 28. Bxg7 Bg4 29.
Bf6 Rd2 30. Ne7+ Kf8 31. Rc1 Bf3 32. Bf5 Nd6 33. Bb1 c5 34. Bxh4 f6 35. Ng6+ Kf7 36. Nf4 Ne4 37. Bxe4 Bxe4 38. h3 Ra2 39. Kh2 Rxa4 40.
Rd1 Ra2 41. Rd7+ Ke8 42. Ra7 c4 43. Bxf6 c3 44. Ne6 Rxf2+ 45. Kg3 Rxf6 46. Ng5 c2 47. Rc7 Bf5 48. Nf3 b5 49. Kf4 b4 50. Ke5 b3 51.
Kxf6 b2 0-1

[Event "Early-Titled-Tuesday-Blitz-March-19-2024"]
[Site "Chess.com"]
[Date "2024.03.19"]
[Round "1"]
[White "pirulillo"]
[Black "fandebobbyfischer"]
[Result "0-1"]
[WhiteElo "2343"]
[BlackElo "2684"]
[TimeControl "180+1"]
[EndTime "8:08:00 PDT"]
[Termination "fandebobbyfischer won by checkmate"]

1. e4 e6 2. d3 d5 3. Nd2 Nf6 4.
Ngf3 Be7 5. g3 c5 6. Bg2 Nc6 7. O-O O-O 8. e5 Nd7 9. Re1 Qc7 10. Qe2 f6 11. exf6 Nxf6 12. c3 Bd6 13. d4 Re8 14.
Nb3 c4 15. Nbd2 e5 16. dxe5 Nxe5 17. Rf1 Bg4 18. Qd1 Nd3 19. h3 Bh5 20. g4 Bg6 21. Nd4 Bh2+ 22. Kh1 Bf4 23. N2f3 Bxc1 24. Rxc1 Nxc1 25.
Qxc1 Ne4 26. Kg1 a6 27. Nc2 Rad8 28. Nfd4 Nc5 29. Ne3 Nd3 30. Qd2 Be4 31. Bxe4 dxe4 32. b3 b5 33. bxc4 bxc4 34. Rb1 Ne5 35. Qc2 Nf3+ 36. Nxf3 exf3 37. Qa4 Rxe3 38. Qxa6 Red3 39. Qe6+ Kh8 40. Re1 h6 41. g5 Rd1 42. gxh6 Rxe1+ 43. Qxe1 Qf7 44. Kh1 Qh5 45. Qe6 Rd1+ 46. Kh2 Qxh6 47. Qe8+ Kh7 48. Qe4+ Qg6 49. Qh4+ Kg8 50. Qd8+ Rxd8 51. h4 Qg2# 0-1

[Event "Early-Titled-Tuesday-Blitz-March-19-2024"]
[Site "Chess.com"]
[Date "2024.03.19"]
[Round "1"]
[White "Ati1517"]
[Black "RantomOpening"]
[Result "0-1"]
[WhiteElo "2225"]
[BlackElo "2618"]
[TimeControl "180+1"]
[EndTime "8:08:02 PDT"]
[Termination "RantomOpening won by resignation"]

1. e4 c5 2. Nf3 e6 3. d4 cxd4 4. Nxd4 Nf6 5. Nc3 Nc6 6. Nxc6 bxc6 7. Bd3 d5 8. O-O Be7 9. exd5 cxd5 10. Be3 O-O 11.
Bd4 a5 12. Re1 Ba6 13. Nb5 a4 14. Na7 Bxd3 15. Nc6 Qd7 16. Nxe7+ Qxe7 17. Qxd3 Rfc8 18. b3 Ne4 19. f3 Nd6 20. Bb2 a3 21. Bc3 Qc7 22. Be5 Qc5+ 23. Kh1 Nf5 24. Rac1 Rc6 25. g4 Ne7 26. Kg2 Ng6 27. Bg3 f6 28. c4 d4 29.
Qe4 Rac8 30. f4 f5 31. gxf5 exf5 32. Qd3 h5 33. Rcd1 h4 34. Qxd4 Qxd4 35. Rxd4 hxg3 36. hxg3 Nf8 37. Rd5 Ne6 38. Rxf5 Nc5 39. Re7 R6c7 40. Rxc7 Rxc7 41. Rd5 Kf7 42. Kf3 Ke7 43. Rf5 g6 44. Re5+ Kf6 45. g4 Nd3 46. g5+ Kf7 47.
Ra5 Rd7 48. Rxa3 Ne1+ 49. Ke2 Nc2 50. Ra6 Nd4+ 51. Ke3 Nf5+ 52. Kf2 Rd2+ 53. Ke1 Rd4 54.
Rf6+ Kg7 55. a4 Rxf4 56. a5 Re4+ 57. Kd1 Re3 58. Kd2 Rxb3 59. a6 Ra3 60. c5 Nd4 61.
Re6 Nxe6 62. c6 Rxa6 63. c7 Rc6 64. c8=Q Rxc8 0-1

[Event "Early-Titled-Tuesday-Blitz-March-19-2024"]
[Site "Chess.com"]
[Date "2024.03.19"]
[Round "1"]
[White "Andrei_Skvortsov"]
[Black "RamonManon0g"]
[Result "1-0"]
[WhiteElo "2737"]
[BlackElo "2399"]
[TimeControl "180+1"]
[EndTime "8:08:03 PDT"]
[Termination "Andrei_Skvortsov won on time"]

1. e4 c5 2. d4 cxd4 3. Qxd4 Nc6 4. Qd3 e5 5. Nc3 Nf6 6. Bg5 Be7 7. O-O-O O-O 8. Bxf6 Bxf6 9. Nd5 Bg5+ 10. Kb1 d6 11. h4 Bh6 12. Ne3 Qb6 13. Nc4 Qxf2 14. Nf3 Be6 15. Ng5 Bg4 16. Rc1 Nd4 17. Ne3 Be2 18.
Bxe2 Qxe2 19. Qxe2 Nxe2 20. Rce1 Nd4 21. Nd5 f6 22. Nf3 Nxf3 23. gxf3 Kf7 24. Rd1 Rac8 25. Rd3 Ke6 26. Rhd1 Rc6 27. Nb4 Rb6 28. c3 f5 29.
a4 fxe4 30. fxe4 a5 31. Nd5 Rc6 32. Ka2 Rf2 33. Kb3 Re2 34. Rf1 Rxe4 35. Rf8 Rxh4 36. Re8+ Kf7 37. Re7+ Kf8 38. Rxb7 Bg5 39. Rf3+ Bf4 40.
Ra7 Rc5 41. Nc7 Rc6 42. Ne6+ Kg8 43. Rxg7+ Kh8 44. Ra7 Rc8 45. Rxa5 Rb8+ 46. Rb5 Rc8 47. a5 Rh1 48. a6 Ra1 49. Rb6 Bc1 50. Rf2 Rb1 51.
Kc2 Ra1 52. Rf1 Bxb2 53. Rxa1 Bxa1 54. a7 1-0

[Event "Early-Titled-Tuesday-Blitz-March-19-2024"]
[Site "Chess.com"]
[Date "2024.03.19"]
[Round "1"]
[White "BlueWizzard"]
[Black "DucksParadise"]
[Result "1-0"]
[WhiteElo "2906"]
[BlackElo "2508"]
[TimeControl "180+1"]
[EndTime "8:08:06 PDT"]
[Termination "BlueWizzard won by resignation"]

1. d4 Nf6 2. Nc3 e6 3. Nf3 d5 4. Bg5 Be7 5. Bxf6 Bxf6 6. e4 O-O 7. Qd3 b6 8. O-O-O Ba6 9. Qe3 Bxf1 10. Rhxf1 c6 11. h4 Nd7 12. g4 Be7 13. g5 Qc7 14. h5 dxe4 15. Qxe4 Bb4 16. Ne2 Bd6 17. g6 Nf6 18. gxh7+ Kh8 19. Qh4 Nxh7 20. Rg1 Qe7 21. Qe4 c5 22. h6 g6 23. Ne5 Bxe5 24. dxe5 Rad8 25. Nf4 Rxd1+ 26. Rxd1 Qg5 27. Kb1 Qxh6 28. a4 Qg5 29. Rd7 Kg8 30. Rxa7 Rd8 31. Nd3 Nf8 32. Qb7 Rd7 33. Qxb6 Qg1+ 34. Ka2 Qd1 35. Rxd7 Nxd7 36. Qb3 Qd2 37. Qc4 Qa5 38. Ka3 Qa7 39. Qb5 Kf8 40. a5 Ke7 41. c3 Kd8 42. b4 cxb4+ 43. Nxb4 Qxf2 44. a6 Qe1 45. Na2 Qxe5 46. Qxe5 Nxe5 47.
a7 Nc4+ 48. Kb4 Nb6 49. Kc5 Na8 50. Kc6 Kc8 51. c4 g5 52. Nc3 g4 53. Ne4 f5 54. Nd6+ Kd8 55. Kb7 g3 56. Kxa8 g2 57. Kb8 g1=Q 58. a8=Q Qb1+ 59. Qb7 Qxb7+ 60. Kxb7 Kd7 61.
c5 e5 62. Nxf5 Ke6 63. Ne3 e4 64. c6 Ke5 65. c7 Kd4 66. Nf5+ 1-0

[Event "Early-Titled-Tuesday-Blitz-March-19-2024"]
[Site "Chess.com"]
[Date "2024.03.19"]
[Round "1"]
[White "davidkalashian"]
[Black "trriinu"]
[Result "1-0"]
[WhiteElo "2654"]
[BlackElo "2298"]
[TimeControl "180+1"]
[EndTime "8:08:06 PDT"]
[Termination "davidkalashian won on time"]

1. d4 d5 2. Nf3 c5 3. dxc5 Nc6 4.
c4 d4 5. a3 a5 6. b3 e5 7. e3 Bxc5 8. exd4 Nxd4 9. Bb2 Bg4 10. Be2 Nxf3+ 11. gxf3 Qh4 12. Rf1 Bh3 13. Qd5 Qe7 14.
Rg1 f6 15. Nc3 Rd8 16. Qe4 f5 17. Qc2 Qh4 18. Bf1 Bxf1 19. Rxf1 Nf6 20. Qxf5 O-O 21. Rd1 Rxd1+ 22. Kxd1 Rd8+ 23. Kc2 Bxf2 24. Ne4 Bd4 25. Nxf6+ Qxf6 26. Qxf6 gxf6 27. Rd1 Kf7 28. Bxd4 exd4 29.
Kd3 f5 30. Re1 Kf6 31. f4 h6 32. Re5 Rg8 33. Kxd4 Rg2 34. Rb5 Rxh2 35. Rb6+ Kg7 36. Rxb7+ Kg6 37. Rb6+ Kh5 38. Rb5 Kg4 39. c5 h5 40. c6 Rd2+ 41. Kc5 Rc2+ 42. Kb6 h4 43. Rc5 Rxc5 44. Kxc5 h3 45. c7 h2 46. c8=Q h1=Q 47. Kb6 Qg1+ 48. Kxa5 Qe3 49. Qc4 Qe1+ 50. b4 Qe3 51. b5 Qxa3+ 52. Kb6 Qd6+ 53. Ka7 1-0

[Event "Early-Titled-Tuesday-Blitz-March-19-2024"]
[Site "Chess.com"]
[Date "2024.03.19"]
[Round "1"]
[White "vladislavkovalev"]
[Black "Tssunami"]
[Result "1-0"]
[WhiteElo "2864"]
[BlackElo "2491"]
[TimeControl "180+1"]
[EndTime "8:08:09 PDT"]
[Termination "vladislavkovalev won on time"]

1. e4 c5 2. Nf3 d6 3. Bb5+ Nd7 4.
O-O a6 5. Bd3 g6 6. c3 Bg7 7. Re1 Ngf6 8. Bf1 O-O 9. d4 b5 10. e5 Ne8 11. Bg5 cxd4 12. exd6 Nxd6 13. Bxe7 Qc7 14. Bxf8 Nxf8 15. Nxd4 Bb7 16. Be2 Nc4 17. Bxc4 Qxc4 18. Nd2 Qd5 19. Qf3 Qd7 20. Qh3 Qxh3 21. gxh3 Bxd4 22. cxd4 Ne6 23. Nb3 Nf4 24. Re3 Kg7 25.
Rc1 Bd5 26. Nc5 h5 27. b3 h4 28. Nd3 Ne6 29. Nb4 Rd8 30. Rd1 Bb7 31. d5 a5 32. Nc2 Bxd5 33. Nd4 Nf4 34. Ne2 Nh5 35. Re5 Nf6 36. Nf4 Rc8 37. Nxd5 Rd8 38. Ne3 Rc8 39. Rxb5 Ne4 40. Rxa5 Nc3 41. Re1 Rd8 42. Rc5 Ne4 43. Rc4 Ng5 44. Kg2 Rd2 45. Rc2 Rd3 46. b4 Ne4 47. b5 Rd4 48. Rb2 Nc5 49. b6 Nd3 50. Ree2 Nf4+ 51. Kf3 g5 52. b7 1-0